 Dungeon Crawl Stone Soup version 0.29-a0-317-gd16b76e6b1 (webtiles) character file.

Game seed: 5831888056243811210

21 Alado the Conjurer (level 2, 0/20 HPs)
             Began as a Draconian Conjurer on Apr 1, 2022.
             Slain by an iguana (3 damage)
             ... on level 1 of the Dungeon on Apr 22, 2023.
             The game lasted 00:12:12 (1254 turns).

Alado the Conjurer (Draconian Conjurer)             Turns: 1254, Time: 00:12:14

Health: 0/20       AC:  4    Str:  9    XL:     2   Next: 62%
Magic:  5/5        EV:  9    Int: 18    God:
Gold:   37         SH:  0    Dex:  9    Spells: 2/5 levels left

rFire   . . .      SeeInvis .   d - +0 mace
rCold   . . .      Faith    .   (no shield)
rNeg    . . .      Spirit   .   (body armour unavailable)
rPois   .          Reflect  .   (helmet restricted)
rElec   .          Harm     .   (no cloak)
rCorr   .          Rampage  .   (no gloves)
Will    .....                   (no boots)
Stlth   ++........              (no amulet)
HPRegen 0.06/turn               (no ring)
MPRegen 0.09/turn               (no ring)

@: constricted
A: AC +4, unfitting armour, cold-blooded
a: no special abilities


You were on level 1 of the Dungeon.
You visited 1 branch of the dungeon, and saw 2 of its levels.

You collected 37 gold pieces.

Inventory:

Hand Weapons
 d - a +0 mace (weapon)
Missiles
 c - a poisoned dart (quivered)
Scrolls
 e - a scroll of amnesia
Potions
 a - a potion of magic


   Skills:
 + Level 1.9 Dodging
 + Level 1.8 Stealth
 + Level 2.0 Spellcasting
 + Level 4.6 Conjurations


You had 2 spell levels left.
You knew the following spells:

 Your Spells              Type           Power      Damage    Failure   Level
a - Magic Dart            Conj           72%        1d6       2%          1
b - Searing Ray           Conj           36%        2d5       4%          2

Your spell library contained the following spells:

 Spells                   Type           Power      Damage    Failure   Level
 Static Discharge         Conj/Air       10%        N/A       11%         2
 Dazzling Flash           Conj/Hex       20%        N/A       21%         3
 Fulminant Prism          Conj/Hex       5%         3d7       56%         4
 Iskenderun's Mystic Bla  Conj/Tloc      10%        2d4       56%         4
 Sticky Flame             Conj/Fire      10%        2d3       56%         4
 Dispel Undead            Necr           1%         3d6       87%         4


Dungeon Overview and Level Annotations

Branches:
Dungeon (2/15)

Altars:


Innate Abilities, Weirdness & Mutations

Your plain brown scales are hard. (AC +4)
You cannot fit into any form of body armour.
You are cold-blooded and may be slowed by cold attacks.


Message History

There is a stone staircase leading down here.
Okay, then.
Done exploring.
Okay, then.
You aren't wearing any rings or amulets.
There is a stone staircase leading down here.
You climb downwards.
The kobold hits you but does no damage.
There is a stone staircase leading up here.
You closely miss the kobold.
The ball python hisses angrily.
The iguana bites you but does no damage.
The kobold closely misses you.
You closely miss the kobold. The iguana bites you.
The kobold hits you but does no damage. The iguana bites you!
The kobold barely misses you.
The ball python bites you but does no damage.
The ball python barely misses you. The iguana misses you.
The kobold barely misses you.
You climb upwards.
There is a stone staircase leading down here.
You closely miss the iguana.
The ball python bites you but does no damage.
The ball python closely misses you. The kobold barely misses you.
The iguana barely misses you.
The ball python bites you but does no damage.
The ball python grabs you. The ball python constricts you.
You hit the iguana but do no damage. The iguana bites you.
The kobold barely misses you.
The ball python bites you but does no damage.
The ball python constricts you. The iguana bites you.
* * * LOW HITPOINT WARNING * * *
The kobold hits you but does no damage.
You hit the iguana.
The iguana is lightly wounded.
The ball python bites you.
* * * LOW HITPOINT WARNING * * *
The ball python constricts you.
The ball python bites you but does no damage.
The ball python constricts you. The iguana bites you.
You die...

#.# #.# #.....###[..#####...
####.# #.###.##........## #...
.....# #.....##...####..####.#.
###### ###..###..## ##.#....#. #
##...##..# #.#.##.#. #
##........## ##.)....#. #
#.#..≈≈≈≈..####§.≈§≈≈... #
#.#.≈≈≈≈K≈.....§§≈≈≈≈≈.. #
#...≈≈l@≈≈......≈≈≈§≈§.#
###########..≈≈S≈≈≈.....§§≈≈≈≈≈.#
......†....#..≈≈≈≈...#....≈≈≈≈..#
##########.##..................##
#.####.#.####.##.####.# #.# #...#
##.##.####.# #.# #.###
#..........# #.# #.#
#..##.####### #.#
#.#####..##........


You could see an iguana, a ball python and a kobold.

Vanquished Creatures
  An endoplasm (D:1)
  A goblin (D:1)
  3 hobgoblins (D:1)
  A quokka (D:1)
  2 ball pythons (D:1)
  2 bats (D:1)
  2 frilled lizards (D:1)
  6 kobolds (D:1)
  4 rats (D:1)
22 creatures vanquished.

Notes
Turn   | Place    | Note
-------+----------+-------------------------------------------
     0 | D:1      | Alado the Draconian Conjurer began the quest for the Orb.
     0 | D:1      | Reached XP level 1. HP: 14/14 MP: 3/3
   390 | D:1      | Reached XP level 2. HP: 20/20 MP: 1/5
   436 | D:1      | Learned a level 2 spell: Searing Ray
   746 | D:1      | Found a faded altar of an unknown god.
  1254 | D:1      | Slain by an iguana

Illustrated notes

Levels and vault maps discovered:
D:1:      dpeg_arrival_pits, layout_loops_ring,
          shapermc_ecumenical_altar_flowoftime, item_on_display_a
D:2:      layout_loops_ring

Action                   || total
-------------------------++-------
Melee: Mace              ||     5
       Short sword       ||     1
Throw: Dart              ||    11
 Cast: Magic Dart        ||    32
  Use: Potion            ||     2
       Scroll            ||     2
Armor: Skin              ||    10
Dodge: Dodged            ||    10

Table legend: (Time is in decaauts)
 A = Elapsed time spent in this place.
 B = Non-inter-level travel time spent in this place.
 C = Inter-level travel time spent in this place.
 D = Time resting spent in this place.
 E = Time spent auto-exploring this place.
 F = Levels seen in this place.
 G = Mean time per level.
                   A        B        C        D        E       F      G
               +--------+--------+--------+--------+--------+-----+--------+
         Total |   1255 |   1207 |     48 |    206 |    818 |   2 |  627.5 |
       Dungeon |   1255 |   1207 |     48 |    206 |    818 |   2 |  627.5 |
               +--------+--------+--------+--------+--------+-----+--------+

Top non-repeatable levels by time:
     D:1: 1248 daAuts
     D:2: 7 daAuts
